 Dungeon Crawl Stone Soup version 0.25-a0-547-g27a0b5d (webtiles) character file.

Game seed: 17070232772853786191, levelgen mode: deterministic

48 wolfsongas the Insei (level 3, 27/27 HPs)
             Began as a Merfolk Transmuter on Feb 22, 2020.
             Quit the game on level 2 of the Dungeon.
             The game lasted 00:03:00 (1701 turns).

wolfsongas the Insei (Merfolk Transmuter)           Turns: 1701, Time: 00:03:00

Health: 27/27      AC:  6    Str: 11    XL:     3   Next: 72%
Magic:  6/6        EV: 11    Int: 12    God:
Gold:   54         SH:  0    Dex: 14    Spells: 5/6 levels left

rFire    . . .     SeeInvis .     - Unarmed
rCold    . . .     Gourm    .   (no shield)
rNeg     . . .     Faith    .   j - +0 ring mail
rPois    .         Spirit   .   (no helmet)
rElec    .         Reflect  .   (no cloak)
rCorr    .         Harm     .   h - +0 pair of gloves
MR       .....                  (no boots)
Stlth    +.........             (no amulet)
HPRegen  0.09/turn              (no ring)
MPRegen  0.10/turn              (no ring)

@: no status effects
A: change form in water, swift swim, stealthy swim
a: no special abilities


You were on level 2 of the Dungeon.
You were not hungry.

You visited 1 branch of the dungeon, and saw 2 of its levels.

You collected 54 gold pieces.

Inventory:

Missiles
 a - 65 arrows
Armour
 b - a +0 robe
 h - a +0 pair of gloves (worn)
 j - a +0 ring mail (worn)
 k - a +0 plate armour
Scrolls
 g - a scroll of identify
Potions
 c - a potion of cancellation
 e - a potion of lignification
 i - a potion of heal wounds
Comestibles
 d - 6 rations


   Skills:
 + Level 2.1 Fighting
 - Level 2.6 Dodging
 + Level 3.7 Unarmed Combat
 + Level 2.4 Spellcasting
 + Level 3.5 Transmutations


You had 5 spell levels left.
You knew the following spells:

 Your Spells              Type           Power        Failure   Level  Hunger
a - Beastly Appendage     Tmut           ##....       14%         1    ##.....

Your spell library contained the following spells:

 Spells                   Type           Power        Failure   Level  Hunger
 Sticks to Snakes         Tmut           ##......     22%         2    ###....
 Spider Form              Tmut/Pois      #.........   67%         3    ####...
 Ice Form                 Ice/Tmut       #.......     97%         4    #####..
 Blade Hands              Tmut           ##........   99%         5    ######.


Dungeon Overview and Level Annotations

Branches:
Dungeon (2/15)

Altars:


Message History

There's nothing to open nearby.
There's nothing to open nearby.
You see here a jackal skeleton.
You now have 54 gold pieces (gained 3).
A bat comes into view.
Found a dagger.
A bat is nearby!
The bat hits you but does no damage.
You hit the bat.
You kill the bat!
No target in view!
No target in view!
There's nothing to open nearby.
There's nothing to open nearby.
Unknown command.
Unknown command.
Unknown command.
Are you sure you want to abandon this character and quit the game? (Confirm with "yes".)
Okay, then.
Are you sure you want to abandon this character and quit the game? (Confirm with "yes".)

#.#
#.#.#......
#.#
#.#.#.##..÷
#.#
#.#..####..
#.# #....#
##. #.#
##.#.## ##.
#.#
#.##.###.#
#.#
#.........
#.#
#.####.##.
#@# #.#
#.### #†#
#.# #....
#.. #.#
##### #...
# ..... #
#.....
.#######
##)#.##
........
.#.#
.#######


There were no monsters in sight!

Vanquished Creatures
  An adder (D:2)
  An ooze (D:1)
  2 dart slugs
  A leopard gecko (D:1)
  3 bats
  2 giant cockroaches
  3 hobgoblins (D:1)
  4 jackals (D:2)
  A ball python (D:1)
  A frilled lizard (D:1)
  4 goblins
  3 kobolds
  3 rats
29 creatures vanquished.

Notes
Turn   | Place    | Note
-------+----------+-------------------------------------------
     0 | D:1      | wolfsongas the Merfolk Transmuter began the quest for the
                  | Orb.
     0 | D:1      | Reached XP level 1. HP: 15/15 MP: 3/3
   187 | D:1      | Reached XP level 2. HP: 10/21 MP: 3/5
  1205 | D:1      | Reached XP level 3. HP: 26/27 MP: 6/6
  1701 | D:2      | Quit the game

Levels and vault maps discovered:
D:1:      dpeg_arrival_short_road, layout_loops_ring
D:2:      layout_loops_ring

Skill      XL: |  1  2  3 |
---------------+----------+-----
Transmutations | 3 |  3.5
Fighting       | 2 |  2.1
Dodging        | |  2.6
Unarmed Combat | |  3.7
Spellcasting   | |  2.4

Action                   || total
-------------------------++-------
Melee: Unarmed           ||   104
       Headbutt          ||     8
       Punch             ||     1
 Cast: Beastly Appendage ||    18
  Use: Scroll            ||     4
 Stab: Sleeping          ||     1
  Eat: Chunk             ||     3
Armor: Ring mail         ||    41
       Robe              ||     1
Dodge: Dodged            ||    67

Table legend:
 A = Non-vault XP
 B = Vault XP
 C = Vault XP percentage of total XP
 D = Non-vault monster count
 E = Vault monster count
 F = Vault count percentage of total count
                 A         B        C        D         E       F
            +---------+---------+-------+---------+---------+-------
      Total |      69 |       0 |   0.0 |      29 |       0 |   0.0
            +---------+---------+-------+---------+---------+-------
        D:1 |      34 |       0 |   0.0 |      16 |       0 |   0.0
        D:2 |      35 |       0 |   0.0 |      13 |       0 |   0.0
            +---------+---------+-------+---------+---------+-------
